AoeStats
← 渣渣灰

Arena

510519937Analyzed
4v4 RM · 2d ago on Oct 1, 2026· 56m 21s· 8 players
Game mode
Random Map
Map size
Large (8 player)
Population
200
Speed
Normal
Resources
Standard
Victory
Conquest
Starting age
Dark Age
Ending age
Imperial Age
RankedLock teamsTeams togetherTeam positionsShared explorationLock speedFull tech treeHidden civsTurbo modeCheats
Victory
Defeat
🇨🇳 Slavs · China
1332
+10
🇦🇷 Armenians · Argentina
1321
+10
🇨🇳 Varangians · China
1287
+12
🇨🇳 Britons · China
1258
+13
🇨🇳 Persians · China
1301
-15
🇨🇳 Koreans · China
1248
-13
🇨🇳 Ethiopians · China
1123
-12
🇨🇳 Japanese · China
1085
-8
smallpox04
10:46 Feudal Age
11:42 Double-Bit Axe
11:45 Horse Collar
14:20 Castle Age
20:26 Bow Saw
21:21 Heavy Plow
22:12 Loom
22:12 Town Watch
22:25 Stone Mining
23:05 Gold Mining
24:37 Wheelbarrow
25:14 Gold Shaft Mining
29:09 Imperial Age
27:03 Fletching
27:35 Ballistics
27:48 Hand Cart
29:24 Bodkin Arrow
29:34 Padded Archer Armor
30:56 Conscription
29:57 Elite Longbowman
31:44 Chemistry
32:00 Two-Man Saw
31:15 Bracer
32:59 Yeomen
33:04 Leather Archer Armor
34:17 Ring Archer Armor
33:49 Scale Mail Armor
33:59 Forging
33:59 Pikeman
34:57 Siege Engineers
35:03 Masonry
34:46 Guard Tower
34:41 Arrowslits
35:39 Halberdier
36:21 Squires
36:36 Chain Mail Armor
36:29 Treadmill Crane
37:20 Architecture
38:37 Hoardings
38:02 Warwolf
38:39 Iron Casting
38:34 Plate Mail Armor
37:51 Arson
41:52 Keep
41:13 Murder Holes
40:54 Elite Skirmisher
42:36 Blast Furnace
42:31 Fortified Wall
49:47 Coinage
49:28 Guilds
51:18 Banking
51:34 Caravan
53:20 Onager
55:30 Scale Barding Armor
Talent
9:51 Feudal Age
10:02 Feudal Age
14:08 Castle Age
12:10 Double-Bit Axe
12:55 Horse Collar
13:29 Stone Mining
15:47 Loom
20:46 Wheelbarrow
21:53 Hand Cart
23:15 Heavy Plow
24:56 Gold Mining
26:39 Stone Shaft Mining
30:04 Imperial Age
28:02 Bow Saw
28:30 Scale Barding Armor
28:35 Forging
28:52 Squires
28:12 Pikeman
28:38 Arson
29:05 Scale Mail Armor
29:46 Husbandry
30:33 Chain Barding Armor
30:49 Iron Casting
31:33 Bloodlines
30:54 Halberdier
32:20 Plate Barding Armor
31:46 Scale Mail Armor
32:27 Conscription
31:29 Gothikon
31:35 Vendel Legacy
33:52 Blast Furnace
35:25 Chain Mail Armor
36:49 Gothikon
37:00 Elite Varangian Guard
38:19 Cavalier
43:32 Padded Archer Armor
43:23 Fletching
44:03 Plate Mail Armor
43:27 Elite Skirmisher
46:19 Bodkin Arrow
46:39 Leather Archer Armor
48:20 Bracer
48:51 Ring Archer Armor
50:17 Fortified Wall
51:09 Chemistry
50:30 Ballistics
51:07 Masonry
50:38 Treadmill Crane
52:46 Two-Man Saw
53:52 Light Cavalry
Loius
11:19 Feudal Age
16:02 Castle Age
14:14 Double-Bit Axe
19:07 Wheelbarrow
20:43 Hand Cart
29:18 Imperial Age
27:04 Gold Mining
27:27 Bow Saw
27:48 Loom
28:15 Fletching
28:26 Padded Archer Armor
28:56 Bodkin Arrow
29:28 Elite Composite Bowman
31:10 Bracer
31:26 Leather Archer Armor
31:33 Ballistics
32:05 Gold Shaft Mining
31:30 Stone Mining
33:05 Chemistry
32:38 Horse Collar
32:24 Man-at-Arms
32:49 Gambesons
33:58 Ring Archer Armor
34:22 Conscription
33:45 Pikeman
34:26 Squires
33:58 Long Swordsman
34:39 Halberdier
35:29 Scale Mail Armor
35:40 Forging
35:37 Fereters
35:48 Two-Handed Swordsman
36:46 Champion
37:46 Chain Mail Armor
38:07 Iron Casting
38:01 Arson
39:16 Plate Mail Armor
40:36 Heavy Plow
44:27 Blast Furnace
55:49 Capped Ram
Revenant
10:41 Feudal Age
14:36 Castle Age
13:02 Double-Bit Axe
13:40 Horse Collar
15:49 Bow Saw
19:33 Loom
21:03 Gold Mining
21:37 Heavy Plow
23:47 Scale Barding Armor
24:50 Forging
25:37 Wheelbarrow
26:32 Chain Barding Armor
32:36 Imperial Age
30:21 Hand Cart
30:20 Pikeman
31:00 Squires
31:28 Scale Mail Armor
32:04 Iron Casting
31:20 Man-at-Arms
33:51 Chain Mail Armor
34:36 Blast Furnace
34:29 Halberdier
34:29 Long Swordsman
35:44 Plate Mail Armor
35:07 Onager
35:32 Two-Handed Swordsman
36:40 Fortified Wall
38:13 Crop Rotation
38:07 Conscription
37:58 Fletching
40:26 Champion
51:54 Siege Onager
54:17 Capped Ram
55:31 Siege Ram
见不久好
10:03 Feudal Age
14:43 Castle Age
12:51 Double-Bit Axe
12:48 Horse Collar
15:39 Bow Saw
15:33 Heavy Plow
20:29 Loom
24:01 Wheelbarrow
23:50 Gold Mining
27:48 Imperial Age
26:26 Gold Shaft Mining
26:26 Husbandry
26:37 Bloodlines
26:57 Hand Cart
27:25 Forging
27:21 Scale Barding Armor
27:24 Heavy Camel Rider
28:42 Iron Casting
29:28 Two-Man Saw
29:31 Chain Barding Armor
32:02 Blast Furnace
31:56 Conscription
31:47 Pikeman
32:27 Squires
33:04 Plate Barding Armor
33:29 Halberdier
36:57 Stone Mining
39:25 Chemistry
38:45 Ballistics
38:56 Cavalier
40:19 Arson
41:50 Savar
44:54 Scale Mail Armor
49:51 Light Cavalry
51:08 Caravan
51:07 Hussar
匆匆
10:50 Feudal Age
16:12 Castle Age
14:39 Fletching
15:30 Double-Bit Axe
17:59 Wheelbarrow
17:28 Horse Collar
20:14 Bow Saw
19:58 Gold Mining
21:13 Loom
24:45 Heavy Plow
24:57 Bodkin Arrow
26:08 Padded Archer Armor
26:01 Crossbowman
26:40 Stone Mining
29:45 Gold Shaft Mining
30:45 Hand Cart
31:17 Stone Shaft Mining
31:40 Thumb Ring
32:08 Leather Archer Armor
35:24 Imperial Age
33:23 Ballistics
35:32 Murder Holes
36:11 Coinage
35:40 Arbalester
35:41 Elite Skirmisher
37:48 Chemistry
36:54 Siege Engineers
36:52 Bracer
37:22 Ring Archer Armor
38:12 Conscription
45:07 Heavy Cavalry Archer
49:07 Two-Man Saw
51:26 Guard Tower
渣渣灰
11:16 Feudal Age
11:09 Loom
16:48 Castle Age
15:27 Stone Mining
17:35 Wheelbarrow
16:54 Double-Bit Axe
23:50 Herbal Medicine
25:15 Forging
25:05 Scale Mail Armor
25:34 Bow Saw
25:42 Gold Mining
27:34 Yasama
28:28 Chain Mail Armor
34:00 Iron Casting
36:05 Gold Shaft Mining
39:15 Wheelbarrow
44:15 Imperial Age
42:04 Hand Cart
42:55 Fletching
43:07 Padded Archer Armor
45:32 Kataparuto
45:35 Conscription
45:52 Hoardings
46:44 Blast Furnace
46:14 Plate Mail Armor
45:28 Treadmill Crane
46:05 Elite Samurai
48:46 Man-at-Arms
49:28 Gambesons
49:41 Long Swordsman
50:26 Two-Handed Swordsman
53:45 Coinage
55:03 Banking
54:41 Caravan
dy小妖
11:45 Feudal Age
13:19 Double-Bit Axe
16:05 Castle Age
14:03 Horse Collar
16:24 Loom
17:26 Bow Saw
17:46 Heavy Plow
25:07 Gold Mining
27:33 Wheelbarrow
31:02 Imperial Age
29:23 Gold Shaft Mining
28:40 Crossbowman
29:12 Fletching
29:49 Bodkin Arrow
30:23 Thumb Ring
30:43 Ballistics
31:17 Arbalester
32:01 Bracer
33:10 Chemistry
32:38 Siege Engineers
34:32 Conscription
35:34 Hand Cart
35:04 Town Watch
36:33 Stone Mining
37:55 Stone Shaft Mining
38:30 Two-Man Saw
41:27 Coinage
43:13 Banking
48:54 Caravan
51:33 Scale Barding Armor
53:06 Forging
55:43 Guilds
Connection lost

Rejoining the realm…

Still unreachable

The connection could not be restored.

Session expired

The server has moved on; the page needs a fresh start.